 Dungeon Crawl Stone Soup version 0.20-a0-309-gcba9277 (webtiles) character file.

28938 Junicave the Thaumaturge (level 13, -1/77 HPs)
             Began as a Gargoyle Earth Elementalist on Dec 18, 2016.
             Was a Priest of Vehumet.
             Slain by a seven-headed hydra (4 damage)
             ... on level 6 of the Lair of Beasts.
             The game lasted 02:16:33 (26619 turns).

Junicave the Thaumaturge (GrEE)                    Turns: 26619, Time: 02:16:34

Health: -1/77      AC: 22    Str: 16    XL:     13   Next: 42%
Magic:  18/26      EV: 14    Int: 28    God:    Vehumet [***...]
Gold:   866        SH: 12    Dex: 10    Spells: 4/31 levels left

rFire  . . .     SeeInvis .     a - +0 mace
rCold  + . .     Gourm    .     y - +2 leather armour {rC+}
rNeg   + . .     Faith    .     j - +2 buckler
rPois  ∞         Spirit   .     h - +2 hat {MR+}
rElec  +         Reflect  +     t - +0 cloak
rCorr  .         Harm     .     p - +2 pair of gloves
MR     +....                    r - +0 pair of boots
Stlth  ++........               L - +5 amulet of reflection
                                m - +6 ring of intelligence
                                i - +5 ring of strength

@: very slightly contaminated, slowed, very slow
A: negative energy resistance 1, electricity resistance, unbreathing,
petrification resistance, rot immunity, AC +9
a: Renounce Religion


You were on level 6 of the Lair of Beasts.
You worshipped Vehumet.
Vehumet was most pleased with you.
You were very hungry.

You visited 3 branches of the dungeon, and saw 17 of its levels.
You also visited: Sewer.

You collected 866 gold pieces.

Inventory:

Hand Weapons
 a - a +0 mace (weapon)
 V - a +0 quarterstaff of freezing
Missiles
 b - 480 stones (quivered)
Armour
 h - a +2 hat of magic resistance (worn)
 j - a +2 buckler (worn)
 p - a +2 pair of gloves (worn)
 r - a +0 pair of boots (worn)
 t - a +0 cloak (worn)
 y - a +2 leather armour of cold resistance (worn)
 U - the +3 leather armour of Angioxos {rF++ rN+ MP-9 Str+3}
   (You found it on level 4 of the Lair of Beasts)

   It affects your strength (+3).
   It greatly protects you from fire.
   It protects you from negative energy.
   It affects your magic capacity (-9).
Jewellery
 i - a +5 ring of strength (left hand)
 m - a +6 ring of intelligence (right hand)
 B - an uncursed ring of protection from fire
 I - an uncursed amulet of the gourmand
 L - a +5 amulet of reflection (around neck)
 N - an uncursed ring of ice
 W - an uncursed ring of positive energy
Wands
 e - a wand of disintegration (11/24)
 w - a wand of random effects (20/48)
 M - a wand of paralysis (11/24)
 P - a wand of slowing (32/48)
 R - a wand of iceblast (7/15)
 Y - a wand of flame (45/48)
 Z - a wand of polymorph (10/24)
Scrolls
 c - a scroll of identify
 g - 5 scrolls of teleportation
 k - 2 scrolls of fear
 l - 7 scrolls of remove curse
 s - 3 scrolls of blinking
 z - 2 scrolls of immolation
 C - 2 scrolls of fog
 F - 2 scrolls of magic mapping
Potions
 f - a potion of lignification {unknown}
 n - a potion of mutation {unknown}
 q - 9 potions of curing
 u - 2 potions of resistance
 D - a potion of magic {unknown}
 E - 4 potions of heal wounds
 G - 2 potions of might
 H - a potion of brilliance {unknown}
 J - 4 potions of agility
 O - 4 potions of flight {unknown}
 Q - 2 potions of haste {unknown}
 S - 2 potions of degeneration {unknown}
Books
 v - a book of Air

   Spells                             Type                      Level
   a - Shock                          Conjuration/Air              1
   b - Swiftness                      Charms/Air                   2
   c - Repel Missiles                 Charms/Air                   2
   d - Static Discharge               Conjuration/Air              3
   e - Lightning Bolt                 Conjuration/Air              5
Comestibles
 d - 7 bread rations
 o - 18 fruits
 x - 4 meat rations


   Skills:
 + Level 7.6 Fighting
 + Level 7.3 Maces & Flails
 - Level 5.0 Armour
 + Level 6.1 Dodging
 - Level 2.1 Stealth
 + Level 6.4 Shields
 * Level 9.6 Spellcasting
 + Level 7.6 Conjurations
 - Level 0.7 Transmutations
 + Level 3.1 Fire Magic
 + Level 9.4 Earth Magic
 + Level 5.8 Poison Magic
 + Level 6.5 Evocations


You had 4 spell levels left.
You knew the following spells:

 Your Spells              Type           Power        Failure   Level  Hunger
a - Sticky Flame          Conj/Fire      #####...     2%          4    None
b - Stone Arrow           Conj/Erth      ######       1%          3    None
c - Lee's Rapid Deconstr  Erth           ######....   1%          5    ####...
d - Magic Dart            Conj           ####         1%          1    None
e - Mephitic Cloud        Conj/Pois/Air  #####...     1%          3    None
f - Searing Ray           Conj           ######       1%          2    None
g - Ignite Poison         Fire/Tmut/Pois ####....     1%          3    None
h - Petrify               Tmut/Erth      #####...     8%          4    None
i - Passwall              Tmut/Erth      #####.....   1%          2    None


Dungeon Overview and Level Annotations

Branches:
Dungeon (10/15)            Temple (1/1) D:6            Lair (6/6) D:9
 Shoals (0/4) Lair:2        Snake (0/4) Lair:4        Slime (0/5) Lair:5
    Orc: D:9-12

Altars:
Ashenzari
Cheibriados
Dithmenos
Elyvilon
Fedhas
Gozag
Hepliaklqana
Kikubaaqudgha
Makhleb
Nemelex Xobeh
Okawaru
Qazlal
Ru
Sif Muna
Trog
Uskayaw
Vehumet
Xom
Yredelemnul
Zin
The Shining One

Shops:
D:7 (

Annotations:
D:9 syranez's ghost, novice GrGl
Lair:5 exclusion: 3 oklob plants, CDDA's ghost, journeyman VSMo


Innate Abilities, Weirdness & Mutations

You are resistant to torment.
Your stone body is resilient. (AC +9)
You are immune to poison.
You resist negative energy. (rN+)
You are resistant to electric shocks. (rElec)
You can survive without breathing.
You are immune to petrification.
You are immune to rotting.


Message History

A water moccasin comes into view.
The seven-headed hydra closely misses you.
The seven-headed hydra bites you but does no damage.
You block the seven-headed hydra's attack.
The seven-headed hydra closely misses you.
You block the seven-headed hydra's attack. x3
The yak closely misses you. The yak misses you.
A crocodile comes into view.
Blink to where?
Press: ? - help, Dir - move target cursor
As you read the scroll of blinking, it crumbles to dust.
The seven-headed hydra bites you.
* * * LOW HITPOINT WARNING * * *
The seven-headed hydra bites you!
* * * LOW HITPOINT WARNING * * *
The seven-headed hydra bites you but does no damage.
The seven-headed hydra barely misses you.
You block the seven-headed hydra's attack.
The seven-headed hydra bites you.
You die...

.?# P#..... .......
##### .......
#...##P..........
###...............
##≈.........P......
#≈.≈.........#.....
#≈.≈..@D..........P
......≈≈≈≈≈..≈.......≈..
..##..≈≈≈≈≈≈≈≈≈≈Y....P≈#
#..≈≈≈≈≈≈≈≈≈≈Y.....≈#
.....≈≈≈≈≈≈≈≈.......##
......≈≈≈≈≈≈≈≈.Y.....##
..##..≈..≈≈≈≈≈...w.....#
.. ###...........Y..#..#
.....|.........##


You could see a seven-headed hydra, a torpor snail and 4 yaks.

Vanquished Creatures
  Fannar (Lair:2)
  6 hydras
  3 two-headed ogres (D:8)
  6 elephants
  A merfolk siren (Lair:2)
  2 black mambas
  12 spiny frogs
  A rime drake (Lair:3)
  6 komodo dragons
  A troll (D:9)
  A polar bear (Lair:3)
  Prince Ribbit (D:7)
  Grinder (D:6)
  9 hippogriffs
  2 dream sheep (Lair:5)
  A spriggan (Lair:2)
  The ghost of drd the Conjurer, an amateur DECj of Sif Muna (D:5)
  2 wyverns
  14 yaks
  Grum (D:9)
  A basilisk (Lair:4)
  A steam dragon (Lair:2)
  2 hungry ghosts
  A naga (Lair:4)
  9 water moccasins
  An orc warrior (D:9)
  4 porcupines
  2 sky beasts
  4 phantoms
  17 wolves
  An ice beast (D:5)
  3 black bears
  A necrophage (D:7)
  4 ogres
  4 centaurs
  9 crocodiles
  A big kobold (D:6)
  14 bullfrogs
  4 scorpions
  3 killer bees
  2 howler monkeys
  4 wights (D:8)
  2 electric eels
  4 crimson imps
  2 jellies (D:7)
  2 centaur zombies
  A centaur skeleton (D:5)
  4 orc priests
  6 hounds
  7 orc wizards
  3 iguanas
  4 worker ants
  2 worker ant zombies (D:9)
  8 adders
  3 gnolls (D:5)
  2 river rats (D:4)
  2 shadow imps
  2 oozes
  An adder zombie (D:4)
  An adder skeleton (D:5)
  3 worms
  2 dart slugs
  2 leopard geckos
  23 orcs
  3 giant cockroaches
  7 goblins
  3 hobgoblins
  21 jackals
  4 quokkas
  6 ball pythons
  10 bats
  4 frilled lizards
  19 kobolds
  5 rats
  2 fungi
  A plant (Sewer)
335 creatures vanquished.

Vanquished Creatures (others)
  An orc wizard (D:5)
  18 fungi
  5 plants
24 creatures vanquished.

Grand Total: 359 creatures vanquished

Notes
Turn   | Place    | Note
-------+----------+-------------------------------------------
     0 | D:1      | Junicave the Gargoyle Earth Elementalist began the quest for the Orb.
     0 | D:1      | Reached XP level 1. HP: 10/10 MP: 3/3
   295 | D:1      | Reached XP level 2. HP: 14/15 MP: 3/5
   617 | D:1      | Reached skill level 1 in Fighting
   729 | D:1      | Reached XP level 3. HP: 19/20 MP: 2/6
   734 | D:1      | Learned a level 3 spell: Stone Arrow
  2590 | D:3      | Reached XP level 4. HP: 25/25 MP: 6/8
  3466 | D:4      | Reached skill level 1 in Maces & Flails
  3466 | D:4      | Reached skill level 1 in Conjurations
  3466 | D:4      | Reached XP level 5. HP: 18/30 MP: 3/9
  3559 | D:4      | Noticed a phantom
  3921 | D:4      | Found a glowing drain.
  3955 | Sewer    | Entered a sewer
  4122 | Sewer    | Reached XP level 6. HP: 30/36 MP: 7/10
  4204 | Sewer    | Learned a level 5 spell: Lee's Rapid Deconstruction
  5443 | D:3      | Killed a phantom
  5443 | D:3      | Reached skill level 5 in Earth Magic
  5570 | D:5      | Entered Level 5 of the Dungeon
  5630 | D:5      | Noticed an ice beast
  5635 | D:5      | Killed an ice beast
  5635 | D:5      | Reached XP level 7. HP: 41/41 MP: 2/12
  6082 | D:5      | Reached skill level 1 in Armour
  6315 | D:5      | Noticed drd's ghost (amateur DECj)
  6383 | D:5      | Killed drd's ghost
  6383 | D:5      | Reached skill level 1 in Shields
  6569 | D:5      | Reached XP level 8. HP: 44/48 MP: 11/14
  7749 | D:6      | Found a staircase to the Ecumenical Temple.
  7813 | Temple   | Entered the Ecumenical Temple
  7847 | Temple   | Became a worshipper of Vehumet
  8290 | D:6      | Noticed Grinder
  8308 | D:6      | Killed Grinder
  8308 | D:6      | Reached skill level 1 in Evocations
  8572 | D:6      | Found a staircase to the Ecumenical Temple.
  9024 | D:6      | Reached XP level 9. HP: 46/52 MP: 12/16
  9230 | D:7      | Found Xygosef's Weapon Shop.
  9245 | D:7      | Noticed Prince Ribbit
  9493 | D:7      | Killed Prince Ribbit
  9493 | D:7      | Reached * piety under Vehumet
  9493 | D:7      | Offered knowledge of Magic Dart by Vehumet.
  9493 | D:7      | Reached skill level 5 in Spellcasting
  9496 | D:7      | Learned a level 1 spell: Magic Dart
  9526 | D:7      | Learned a level 3 spell: Mephitic Cloud
  9863 | D:7      | Reached skill level 1 in Poison Magic
 10840 | D:7      | Reached skill level 5 in Fighting
 11355 | D:8      | Noticed a two-headed ogre
 11360 | D:8      | Killed a two-headed ogre
 11360 | D:8      | Reached skill level 5 in Maces & Flails
 11360 | D:8      | Reached skill level 5 in Conjurations
 11360 | D:8      | Reached XP level 10. HP: 59/59 MP: 2/19
 11758 | D:8      | Noticed a two-headed ogre
 11766 | D:8      | Killed a two-headed ogre
 12242 | D:8      | Offered knowledge of Searing Ray by Vehumet.
 12246 | D:8      | Learned a level 2 spell: Searing Ray
 12382 | D:8      | Reached ** piety under Vehumet
 12935 | D:9      | Noticed syranez's ghost (novice GrGl)
 13880 | D:8      | Noticed a two-headed ogre
 13886 | D:8      | Killed a two-headed ogre
 13886 | D:8      | Reached XP level 11. HP: 55/64 MP: 8/21
 14025 | D:9      | Reached skill level 5 in Shields
 14093 | D:9      | Found a staircase to the Lair.
 14716 | D:9      | Noticed Grum
 14909 | D:9      | Killed Grum
 15033 | D:10     | Entered Level 10 of the Dungeon
 15317 | Lair:1   | Entered Level 1 of the Lair of Beasts
 16884 | Lair:1   | Reached skill level 5 in Armour
 17074 | Lair:1   | Noticed a seven-headed hydra
 17082 | Lair:1   | Killed a seven-headed hydra
 17579 | Lair:1   | Noticed a five-headed hydra
 17588 | Lair:1   | Killed a five-headed hydra
 18019 | Lair:2   | Reached skill level 5 in Evocations
 18139 | Lair:2   | Found a staircase to the Shoals.
 18922 | Lair:2   | Reached XP level 12. HP: 51/70 MP: 12/23
 19009 | Lair:2   | Reached skill level 5 in Dodging
 19261 | Lair:2   | Noticed Fannar
 19279 | Lair:2   | Killed Fannar
 19524 | Lair:3   | Noticed a six-headed hydra
 19530 | Lair:3   | Killed a six-headed hydra
 19612 | Lair:3   | Offered knowledge of Ignite Poison by Vehumet.
 19615 | Lair:3   | Reached skill level 5 in Poison Magic
 19636 | Lair:3   | Learned a level 3 spell: Ignite Poison
 19731 | Lair:3   | Noticed a four-headed hydra
 20147 | Lair:2   | Learned a level 4 spell: Petrify
 20150 | Lair:2   | Learned a level 2 spell: Passwall
 20259 | Lair:3   | Reached *** piety under Vehumet
 20783 | Lair:3   | Reached skill level 1 in Fire Magic
 21049 | Lair:3   | Killed a four-headed hydra
 22025 | Lair:4   | Noticed a seven-headed hydra
 22029 | Lair:4   | Killed a seven-headed hydra
 22152 | Lair:4   | Offered knowledge of Sticky Flame by Vehumet.
 22259 | Lair:4   | Learned a level 4 spell: Sticky Flame
 22291 | Lair:4   | Got a polished leather armour
 22335 | Lair:4   | Identified the +3 leather armour of Angioxos {rF++ rN+ MP-9 Str+3} (You found it on level 4 of the Lair of Beasts)
 22356 | Lair:4   | Found a staircase to the Snake Pit.
 22515 | Lair:4   | Reached XP level 13. HP: 64/76 MP: 12/26
 23044 | Lair:4   | Found a shadowy altar of Dithmenos.
 24128 | Lair:5   | Noticed CDDA's ghost (journeyman VSMo)
 25426 | Lair:5   | Found a staircase to the Slime Pits.
 26600 | Lair:6   | Entered Level 6 of the Lair of Beasts
 26619 | Lair:6   | HP: 3/77 [seven-headed hydra (12)]
 26619 | Lair:6   | Slain by a seven-headed hydra

Vault maps used:
D:1:      ncdulo_smallfort
D:2:      st_stairs_5
D:3:      grunt_ministairs_5, dk_noncrumbling_4
D:4:      portal_sewer_entry_b, lemuel_old_faithful
D:5:      minmay_opposing_rooms, first_bread
D:6:      kennysheep_generic_room_14, uniq_grinder
D:7:      serial_shops, shop, uniq_prince_ribbit1
D:9:      due_lair_maze_entry_diamond, uniq_grum
Temple:   compressed_dpeg_circular_temple
Lair:1:   grunt_megastairs_4, serial_bayou_shore_b, serial_bayou_shore_a
Lair:2:   minmay_shoals_entry_lonely_mermaid, uniq_fannar
Lair:3:   grunt_forest_stairs_clearing, grunt_megastairs_5
Lair:4:   guppyfry_snake_entry_island, basic_altar, infiniplex_staircase_pool_2
Lair:5:   minmay_slime_entry_oklob_open, small_statue_intersection,
          lemuel_fruit_fields
Lair:6:   hangedman_lair_tendril_chambers, wormcave, infiniplex_staircase_pool
Sewer:    sewer_co_scattered_pipes

Skill      XL: |  1  2  3  4  5  6  7  8  9 10 11 12 13 |
---------------+----------------------------------------+-----
Earth Magic    | 4 5 6 7 8 9 |  9.4
Fighting       | 1 2 3 4 5 6 7 |  7.6
Maces & Flails | 1 2 3 4 5 6 7 |  7.3
Spellcasting   | 3 4 6 7 9 |  9.6
Conjurations   | 1 2 3 5 6 7 |  7.6
Armour         | 1 2 3 5 |  5.0
Dodging        | 2 3 4 5 6 |  6.1
Shields        | 1 2 4 5 6 |  6.4
Evocations     | 1 3 4 5 6 |  6.5
Poison Magic   | 2 3 4 5 |  5.8
Fire Magic     | 2 3 |  3.1
Stealth        | |  2.1
Transmutations | |  0.7

Action                   |  1- 3 |  4- 6 |  7- 9 | 10-12 | 13-15 || total
-------------------------+-------+-------+-------+-------+-------++-------
Melee: Short sword       |    50 |       |       |       |       ||    50
       Dagger            |     1 |       |       |       |       ||     1
       Mace              |    73 |   236 |   268 |   312 |   154 ||  1043
 Cast: Sandblast         |    47 |    84 |    62 |    47 |       ||   240
       Stone Arrow       |     1 |    15 |    95 |   196 |    29 ||   336
       Searing Ray       |       |       |       |    55 |    16 ||    71
       Lee's Rapid Decon |       |       |       |    12 |     2 ||    14
       Magic Dart        |       |       |       |    20 |    27 ||    47
       Sticky Flame      |       |       |       |     2 |    16 ||    18
       Petrify           |       |       |       |     2 |     9 ||    11
Evoke: Wand              |       |       |       |     4 |       ||     4
  Use: Scroll            |       |     5 |     5 |     8 |     8 ||    26
       Potion            |       |       |     1 |       |     1 ||     2
 Stab: Sleeping          |       |       |       |     1 |       ||     1
  Eat: Chunk             |     6 |    12 |    29 |    34 |     3 ||    84
       Fruit             |       |     1 |       |       |     5 ||     6
       Pizza             |       |       |     1 |     1 |       ||     2
       Beef jerky        |       |       |       |     1 |       ||     1
       Meat ration       |       |       |       |       |     1 ||     1
Armor: Robe              |    70 |    94 |    30 |       |       ||   194
       Leather armour    |       |       |   156 |   259 |   116 ||   531
Dodge: Dodged            |   105 |   149 |   238 |   326 |   154 ||   972
Block: Other             |       |       |    52 |    42 |       ||    94
       Reflection        |       |       |     1 |     1 |     1 ||     3
       Shield            |       |       |       |   230 |       ||   230
       Buckler           |       |       |       |   147 |   203 ||   350
